 Dungeon Crawl Stone Soup version 0.27-a0-1140-g099f9bb0e8 (webtiles) character file.

Game seed: 15176765509199974754

9 Zeld the Skirmisher (level 2, 0/21 HPs)
             Began as an Octopode Fighter on May 9, 2021.
             Slain by a frilled lizard (1 damage)
             ... on level 1 of the Dungeon.
             The game lasted 00:00:20 (61 turns).

Zeld the Skirmisher (Octopode Fighter)                Turns: 61, Time: 00:00:21

Health: 0/21       AC:  1    Str: 15    XL:     2   Next: 12%
Magic:  2/2        EV: 13    Int: 10    God:
Gold:   14         SH:  0    Dex: 11    Spells: 1/1 levels left

rFire    . . .     SeeInvis .   a - +0 war axe
rCold    . . .     Faith    .   (no shield)
rNeg     . . .     Spirit   .   (helmet restricted)
rPois    .         Reflect  .   (no amulet)
rElec    .         Harm     .   (no ring)
rCorr    .         Rampage  .   (no ring)
Will     .....                  (no ring)
Stlth    ++........             (no ring)
HPRegen  0.07/turn              (no ring)
MPRegen  0.08/turn              (no ring)
                                (no ring)
                                (no ring)

@: no status effects
A: almost no armour, amphibious, 8 rings, camouflage 1, gelatinous body 1,
(nimble swimmer 1), tentacles
a: no special abilities


You were on level 1 of the Dungeon.
You visited 1 branch of the dungeon, and saw 1 of its levels.

You collected 14 gold pieces.

Inventory:

Hand Weapons
 a - a +0 war axe (weapon)
Potions
 c - a potion of might


   Skills:
 * Level 3.3 Fighting
 * Level 2.4 Axes
 - Level 3.0 Dodging
 - Level 3.0 Shields


You had one spell level left.
You didn't know any spells.
Your spell library was empty.

Dungeon Overview and Level Annotations

Branches:
Dungeon (1/15)

Altars:


Innate Abilities, Weirdness & Mutations

You cannot wear most types of armour.
You are amphibious.
You can wear up to eight rings at the same time.
Your skin changes colour to match your surroundings (Stealth+).
Your rubbery body absorbs attacks. (AC +1, EV +1)
((You are camouflaged near water. (Stealth+)))
You have tentacles for arms and can constrict up to eight enemies at once.


Message History

You kill the jackal!
A jackal comes into view.
A dart slug comes into view.
A frilled lizard comes into view.
You see here a jackal corpse.
The dart slug launches a dart at you. The slug dart misses you.
Found a scroll labelled KINIOX VITYSK.
The jackal barks!
The frilled lizard bites you. The dart slug launches a dart at you.
The slug dart hits you.
You miss the frilled lizard. Your grab misses the frilled lizard.
The frilled lizard closely misses you. The frilled lizard barely misses you.
You miss the frilled lizard. Your grab misses the frilled lizard.
The frilled lizard bites you. The jackal bites you.
You are too injured to fight recklessly!
You are too injured to fight recklessly!
Unknown command.
You are too injured to fight recklessly!
You slash the jackal!
You kill the jackal!
You closely miss the frilled lizard.
The frilled lizard bites you but does no damage.
The dart slug launches a dart at you. The slug dart hits you.
* * * LOW HITPOINT WARNING * * *
The frilled lizard bites you.
* * * LOW HITPOINT WARNING * * *
You miss the frilled lizard. Your grab misses the frilled lizard.
The frilled lizard closely misses you.
Unknown command.
You slash the dart slug! You grab the dart slug.
The dart slug is almost dead.
You barely miss the frilled lizard. You constrict the dart slug.
You kill the dart slug!
The frilled lizard barely misses you.
You have reached level 2!
You closely miss the frilled lizard. Your grab misses the frilled lizard.
The frilled lizard closely misses you. The frilled lizard bites you.
You die...

#..............#####..
##....!........[# ...
..........#.....# ..
.8....(...##......
..##.#.#.####....
#.#.#†...>... #
#...####...
###.#.........
#...l@...#####
....#>.†.#.#
.............
#..##.......... ..
.......##.. #
......... .?
..........#
............


You could see a frilled lizard.

Vanquished Creatures
  A dart slug (D:1)
  A hobgoblin (D:1)
  3 jackals (D:1)
  A ball python (D:1)
6 creatures vanquished.

Notes
Turn   | Place    | Note
-------+----------+-------------------------------------------
     0 | D:1      | Zeld the Octopode Fighter began the quest for the Orb.
     0 | D:1      | Reached XP level 1. HP: 16/16 MP: 1/1
    61 | D:1      | Reached XP level 2. HP: 1/21 MP: 2/2
    61 | D:1      | Slain by a frilled lizard

Illustrated notes

Levels and vault maps discovered:
D:1:      onia_arrival_pyramid, layout_rooms, serial_shops, shop,
          minmay_misc_feat_four_crosses, serial_park_tiny_pond

Action                   || total
-------------------------++-------
Melee: War axe           ||    11
       Constrict         ||     2
Armor: Skin              ||     1
Dodge: Dodged            ||     7

Table legend: (Time is in decaauts)
 A = Elapsed time spent in this place.
 B = Non-inter-level travel time spent in this place.
 C = Inter-level travel time spent in this place.
 D = Time resting spent in this place.
 E = Time spent auto-exploring this place.
 F = Levels seen in this place.
 G = Mean time per level.
                   A        B        C        D        E       F      G
               +--------+--------+--------+--------+--------+-----+--------+
         Total |     64 |     64 |      0 |      0 |     28 |   1 |   64.0 |
       Dungeon |     64 |     64 |      0 |      0 |     28 |   1 |   64.0 |
               +--------+--------+--------+--------+--------+-----+--------+

Top non-repeatable levels by time:
     D:1: 64 daAuts
